 Dungeon Crawl Stone Soup version 0.17.0-26-gececa24 (console) character file.

27 gw the Grasshopper (level 2, -1/15 HPs)
             Began as a Spriggan Warper on Nov 19, 2015.
             Slain by a hobgoblin (4 damage)
             ... on level 2 of the Dungeon.
             The game lasted 00:01:51 (2031 turns).

gw the Grasshopper (Spriggan Warper)                Turns: 2031, Time: 00:01:51

Health: -1/15      AC:  2    Str: 11    XL:     2   Next: 93%
Magic:  3/7        EV: 19    Int: 14    God:    Xom [..*...]
Gold:   89         SH:  0    Dex: 15    Spells: 3 memorised, 3 levels left

rFire  . . .     SeeInvis +     h - +0 short sword
rCold  . . .     Clarity  .     b - +0 robe
rNeg   . . .     SustAt   .     (shield restricted)
rPois  .         Gourm    .     (helmet restricted)
rElec  .         Spirit   .     (no cloak)
rCorr  .         Warding  .     (gloves unavailable)
rMut   .         Stasis   .     (boots unavailable)
MR     .....                    m - amulet of faith
Stlth  +.........               (no ring)
                                e - +4 ring of strength

@: shrouded (expiring), very quick, not resistant to hostile enchantments, very
unstealthy
A: unfitting armour, see invisible, herbivore 3, speed 3, slow metabolism 2
a: Renounce Religion


You were on level 2 of the Dungeon.
You worshipped Xom.
You were a toy of Xom.
You were hungry.

You visited 1 branch of the dungeon, and saw 2 of its levels.

You collected 89 gold pieces.

Inventory:

Hand Weapons
 a - a +0 hunting sling
 h - a +0 short sword (weapon)
Missiles
 g - 44 stones (quivered)
Armour
 b - a +0 robe (worn)
Jewellery
 e - a +4 ring of strength (left hand)
 m - an amulet of faith (around neck)
Wands
 i - a wand of polymorph (20)
Scrolls
 d - a scroll of blinking
 k - a scroll of recharging {unknown}
 o - a scroll of identify {unknown}
Potions
 l - 2 potions of magic {unknown}
 n - a potion of brilliance {unknown}
Books
 c - a book of Spatial Translocations

   Spells                             Type                      Level
   a - Apportation                    Translocation                1
   b - Blink                          Translocation                2
   c - Shroud of Golubria             Charms/Translocation         2
   d - Portal Projectile              Translocation                3
   e - Teleport Other                 Translocation                3
   f - Passage of Golubria            Translocation                4
Comestibles
 f - 3 bread rations
 j - 6 fruits


   Skills:
 + Level 1.7 Fighting
 + Level 2.2 Short Blades
 + Level 0.2(0.8) Slings
 - Level 1.0 Throwing
 + Level 3.9 Dodging
 * Level 3.5 Spellcasting
 + Level 4.7 Translocations


You had 3 spell levels left.
You knew the following spells:

 Your Spells              Type           Power        Failure   Level  Hunger
a - Apportation           Tloc           ###.......   2%          1    #......
b - Blink                 Tloc           N/A          4%          2    ##.....
c - Shroud of Golubria    Chrm/Tloc      #.........   14%         2    ##.....


Dungeon Overview and Level Annotations

Branches:
Dungeon (2/15)

Altars:
Fedhas
Xom


Innate Abilities, Weirdness & Mutations

You are tiny and cannot use many weapons and most armour.
You have supernaturally acute eyesight.
You are a herbivore.
You cover ground extremely quickly.
You need consume almost no food.


Message History

The hobgoblin misses you.
ATTACK MOVE TO (-1,-1)
You hit the hobgoblin.
The hobgoblin is almost dead.
The hobgoblin barely misses you.
Your shroud bends the goblin's attack away!
The hobgoblin misses you.
ATTACK MOVE TO (-1,-1)
You closely miss the hobgoblin.
The hobgoblin is almost dead.
The hobgoblin misses you.
ATTACK MOVE TO (-1,-1)
You hit the hobgoblin.
You kill the hobgoblin!
The goblin closely misses you. The hobgoblin closely misses you.
ATTACK MOVE TO (0,-1)
You hit the hobgoblin but do no damage.
Your shroud begins to fray at the edges.
The goblin completely misses you. The hobgoblin hits you.
You die...

#........#
#........#
#........#
#........#
###......>.#
#..........#
#...gg...#
.. #i# #.#
#.# .. #(#
.# #.# ##.#
#.# #..# #.#
#.# #.# ..#
#.# #### #.#


You could see a hobgoblin and a goblin.

Table legend:
 A = Turns spent in this place as a percentage of turns spent in the entire game.
 B = Non-inter-level travel turns spent in this place as a percentage of non-inter-level travel turns spent in the entire game.
 C = Inter-level travel turns spent in this place as a percentage of turns spent in this place.
 D = Turns resting spent in this place as a percentage of non-inter-level travel turns spent in this place.
 E = Turns spent auto-exploring this place as a percentage of non-inter-level travel turns spent in this place.
 F = Non-inter-level travel turns spent in this place divided by the number of levels of this place that you've seen.
                   A       B       C       D       E      F
               +-------+-------+-------+-------+-------+----------------------
         Total | 100.0 | 100.0 |   0.2 |   1.5 |   1.6 | 1602.5
       Dungeon | 100.0 | 100.0 |   0.2 |   1.5 |   1.6 | 1602.5
               +-------+-------+-------+-------+-------+----------------------

Table legend:
 A = Kills in this place as a percentage of kills in entire the game.
 B = Kills by you in this place as a percentage of kills by you in the entire game.
 C = Kills by friends in this place as a percentage of kills by friends in the entire game.
 D = Other kills in this place as a percentage of other kills in the entire game.
 E = Experience gained in this place as a percentage of experience gained in the entire game.
 F = Experience gained in this place divided by the number of levels of this place that you have seen.
                   A       B       C       D       E      F
               +-------+-------+-------+-------+-------+----------------------
         Total | 100.0 | 100.0 |  -nan |  -nan | 100.0 |  19.5
       Dungeon | 100.0 | 100.0 |  -nan |  -nan | 100.0 |  19.5
               +-------+-------+-------+-------+-------+----------------------

Vanquished Creatures
  4 bats
  A giant cockroach (D:1)
  8 goblins
  5 hobgoblins
  A ball python (D:2)
  2 giant newts
  4 kobolds
  3 rats
28 creatures vanquished.

Notes
Turn   | Place    | Note
--------------------------------------------------------------
     0 | D:1      | gw the Spriggan Warper began the quest for the Orb.
     0 | D:1      | Reached XP level 1. HP: 10/10 MP: 5/5
   594 | D:1      | Reached XP level 2. HP: 15/15 MP: 6/6
   598 | D:1      | Learned a level 2 spell: Blink
   601 | D:1      | Learned a level 2 spell: Shroud of Golubria
   662 | D:1      | Found a shimmering altar of Xom.
   994 | D:1      | Became a worshipper of Xom of Chaos
  1235 | D:1      | XOM: divination: detect creatures
  1574 | D:2      | XOM: divination: detect items
  1667 | D:2      | XOM: divination: detect items
  1679 | D:2      | XOM: noise
  1882 | D:2      | Found a blossoming altar of Fedhas.
  1899 | D:2      | XOM: divination: detect items
  2031 | D:2      | Slain by a hobgoblin

Action                   || total
-------------------------++-------
Melee: Short sword       ||    57
 Fire: Hunting sling     ||    69
Throw: Tomahawk          ||     5
 Cast: Shroud of Golubri ||    27
  Use: Scroll            ||     2
       Potion            ||     1

Vault maps used:
D:1:      evilmike_arrival_rings, minmay_crystal_room, grunt_decor_fettered,
          kennysheep_small_spiral, xom_teletrap_fun
D:2:      nicolae_ru_path_of_blood, lemuel_coloured_pillars_altar,
          lemuel_round_altar, first_bread
